Map: Frozen Temple

Players

MythiC - Winner!

  • Race: Terran Terran
  • League: Master

llllllllllll (souL)

  • Race: Protoss Protoss
  • League: Master

VOD

Have the link to the VOD?

Description

Time

  • Played on: April 4, 2016, 6:42 a.m.
  • Length: 8:19
Show
View Real Time Build Order
Export as new Build Order

MythiC Terran - Winner!

Build Orders: 1/1/1, Liberator Opening 

Get SALT Encoding   

  12  0:00  SCV  
  13  0:13  SCV  
  14  0:19  Supply Depot  
  14  0:25  SCV  
  15  0:29  Refinery  
  15  0:40  SCV  
  16  0:46  Barracks  
  16  0:52  SCV  
  17  1:04  SCV  
  18  1:21  SCV  
  19  1:34  Orbital Command  
  19  1:35  Factory, Marine  
  20  1:42  Refinery  
  20  1:44  Supply Depot  
  20  1:53  Marine  
  21  2:01  SCV  
  22  2:13  SCV  
  23  2:16  Barracks Reactor  
  23  2:23  Widow Mine  
  23  2:25  Starport, SCV  
  26  2:33  Supply Depot  
  26  2:37  SCV  
  27  2:50  SCV  
  28  2:54  Marine x2  
  30  3:02  Hellion, SCV  
  30  3:04  Medivac  
  35  3:14  Marine x2, SCV  
  38  3:21  Command Center  
  38  3:28  Supply Depot  
  38  3:31  Factory Tech Lab  
  38  3:32  Liberator  
  38  3:50  Cyclone  
  44  3:58  Marine x2  
  46  4:10  SCV  
  47  4:22  Marine  
  47  4:28  Supply Depot, Marine, SCV  
  47  4:35  Orbital Command  
  47  4:51  Command Center  
  47  4:58  Marine x2, Orbital Command  
  49  5:02  Siege Tank  
  51  5:22  Marine x2  
  51  5:26  Barracks  
  51  5:27  Barracks  
  53  5:29  SCV  
  54  5:36  Siege Tank  
  54  5:40  SCV  
  54  5:42  Marine x2  
  58  5:45  Starport Tech Lab  
  58  5:47  SCV  
  61  5:52  SCV  
  62  5:59  SCV  
  62  6:03  Supply Depot  
  63  6:04  Bunker, SCV  
  63  6:07  Orbital Command  
  63  6:11  Marine x2  
  66  6:12  SCV  
  66  6:17  Starport Reactor  
  68  6:18  SCV  
  68  6:24  Marauder, SCV  
  71  6:26  Marauder, Factory Reactor  
  71  6:30  SCV  
  74  6:35  SCV  
  74  6:37  SCV  
  76  6:42  Engineering Bay, SCV  
  76  6:43  Engineering Bay  
  76  6:44  Refinery x2  
  76  6:45  Marauder  
  79  6:48  SCV  
  79  6:49  SCV  
  79  6:52  Marine x2  
  79  6:53  Marauder  
  85  6:54  SCV  
  85  6:57  Medivac  
  88  7:02  SCV  
  88  7:06  SCV  
  88  7:07  Marauder  
  90  7:10  Marine x2, SCV  
  90  7:14  Marauder, SCV  
  88  7:21  Widow Mine  
  88  7:23  Medivac  
  88  7:28  Marauder, Marine  
  93  7:31  Bunker  
  93  7:38  Marine  
  93  7:40  Marauder  
  90  7:46  Marine  
  90  7:49  Marauder  
  88  7:56  Marine  
  93  8:06  Barracks  
  93  8:08  Barracks  
Show
View Real Time Build Order
Export as new Build Order

llllllllllll Protoss 

Build Orders: 1 Gate Expand 

Get SALT Encoding   

  12  0:01  Probe (Chrono Boost)  
  13  0:11  Probe (Chrono Boost)  
  14  0:18  Pylon  
  14  0:22  Probe (Chrono Boost)  
  15  0:36  Probe (Chrono Boost)  
  15  0:38  Gateway  
  16  0:43  Assimilator  
  16  0:49  Probe (Chrono Boost)  
  17  0:59  Probe (Chrono Boost)  
  18  1:10  Probe (Chrono Boost)  
  19  1:21  Nexus  
  19  1:31  Cybernetics Core  
  19  1:32  Probe (Chrono Boost)  
  20  1:38  Assimilator  
  20  1:43  Probe (Chrono Boost)  
  21  1:51  Pylon  
  21  1:53  Probe (Chrono Boost)  
  24  2:20  Probe (Chrono Boost)  
  24  2:22  Warp Gate (Chrono Boost), Robotics Facility  
  23  2:28  Adept  
  25  2:30  Probe (Chrono Boost)  
  25  2:33  Probe (Chrono Boost)  
  27  2:40  Probe  
  27  2:42  Probe  
  29  2:53  Probe  
  29  2:58  Probe  
  30  3:01  Gateway x2  
  30  3:03  Stalker  
  33  3:09  Mothership Core  
  33  3:10  Observer  
  36  3:16  Probe  
  36  3:18  Pylon  
  37  3:33  Stalker  
  39  3:36  Probe  
  39  3:41  Twilight Council  
  40  3:47  Probe  
  40  3:49  Probe  
  42  3:57  Observer (Chrono Boost)  
  43  4:11  Stalker x2  
  43  4:13  Adept  
  49  4:41  Pylon  
  49  4:45  Blink (Chrono Boost)  
  49  4:49  Stalker  
  51  4:54  Assimilator  
  51  4:55  Probe  
  51  4:57  Probe  
  53  5:00  Stalker  
  55  5:08  Stalker  
  55  5:12  Pylon  
  57  5:22  Probe  
  58  5:29  Gateway  
  58  5:30  Gateway  
  58  5:36  Stalker x2  
  60  5:50  Probe, Pylon  
  60  5:52  Probe  
  60  5:54  Gateway  
  62  6:02  Probe  
  62  6:04  Probe  
  64  6:07  Pylon  
  64  6:08  Stalker  
  66  6:11  Pylon  
  66  6:18  Stalker  
  66  6:25  Stalker  
  70  6:29  Stalker  
  70  6:31  Stalker  
  74  6:45  Stalker x2  
  78  6:50  Stalker  
  78  6:54  Stalker x2  
  84  6:59  Stalker  
  79  7:18  Stalker x4  
  81  7:27  Stalker  
  74  7:51  Zealot, Stalker x2  
  66  7:52  Zealot x3  
Tags
 
Add a new tag
Caveats
  • Supply blocks, unpowered buildings, or Contaminate may cause inaccurate times.
  • Supply counts are checked every 10 seconds.